 Dungeon Crawl Stone Soup version 0.21.0-3-g78d12a8 (webtiles) character file.

1451 myopia the Basher (level 8, -5/44 HPs)
             Began as a Gargoyle Gladiator on Jan 10, 2018.
             Was a Believer of Okawaru.
             Slain by Menkaure (15 damage)
             ... on level 6 of the Dungeon.
             The game lasted 00:17:55 (4327 turns).

myopia the Basher (Gargoyle Gladiator)              Turns: 4327, Time: 00:17:55

Health: -5/44      AC: 10    Str: 18    XL:     8   Next: 75%
Magic:  8/8        EV: 16    Int:  9    God:    Okawaru [**....]
Gold:   199        SH:  0    Dex: 13    Spells: 7/7 levels left

rFire    . . .     SeeInvis .   x - +1 whip (venom)
rCold    . . .     Gourm    .   (no shield)
rNeg     + . .     Faith    .   b - +0 leather armour
rPois    ∞         Spirit   .   c - +1 helmet
rElec    +         Reflect  .   (no cloak)
rCorr    .         Harm     .   (no gloves)
MR       .....                  (no boots)
Stlth    +.........             (no amulet)
HPRegen  0.14/turn              q - +4 ring of evasion
MPRegen  0.11/turn              (no ring)

@: no status effects
A: negative energy resistance 1, electricity resistance, unbreathing,
petrification resistance, rot immunity, AC +5
a: Heroism, Renounce Religion


You were on level 6 of the Dungeon.
You worshipped Okawaru.
Okawaru was pleased with you.
You were hungry.

You visited 1 branch of the dungeon, and saw 6 of its levels.

You collected 199 gold pieces.

Inventory:

Hand Weapons
 a - a +1 flail
 m - a +1 short sword of draining
 x - a +1 whip of venom (weapon)
Missiles
 d - a throwing net (quivered)
Armour
 b - a +0 leather armour (worn)
 c - a +1 helmet (worn)
Magical Staves
 o - an uncursed staff of wizardry {unknown}
Jewellery
 q - a +4 ring of evasion (left hand)
Wands
 z - a wand of scattershot (6)
Scrolls
 g - 2 scrolls of remove curse
 k - 2 scrolls of teleportation
 n - a scroll of fog
 s - a scroll of fear {unknown}
 u - a scroll of magic mapping
 w - a scroll of enchant armour
Potions
 e - a potion of heal wounds
 i - 3 potions of curing
 j - 2 potions of agility
 l - a potion of might
 v - a potion of ambrosia {unknown}
Books
 h - a book of Misfortune

   Spells                             Type                      Level
   a - Confusing Touch                Hexes                        1
   b - Confuse                        Hexes                        3
   c - Gell's Gravitas                Translocation                3
   d - Petrify                        Transmutation/Earth          4
   e - Metabolic Englaciation         Hexes/Ice                    5
   f - Yara's Violent Unravelling     Hexes/Transmutation          5
 p - a book of Maledictions

   Spells                             Type                      Level
   a - Corona                         Hexes                        1
   b - Ensorcelled Hibernation        Hexes/Ice                    2
   c - Confuse                        Hexes                        3
   d - Tukima's Dance                 Hexes                        3
   e - Dazzling Spray                 Conjuration/Hexes            3
 r - a book of Minor Magic

   Spells                             Type                      Level
   a - Magic Dart                     Conjuration                  1
   b - Blink                          Translocation                2
   c - Call Imp                       Summoning                    2
   d - Slow                           Hexes                        2
   e - Conjure Flame                  Conjuration/Fire             3
   f - Mephitic Cloud                 Conjuration/Poison/Air       3
 t - a book of Air

   Spells                             Type                      Level
   a - Shock                          Conjuration/Air              1
   b - Swiftness                      Charms/Air                   2
   c - Static Discharge               Conjuration/Air              3
   d - Airstrike                      Air                          4
   e - Lightning Bolt                 Conjuration/Air              5
 y - a book of Cantrips

   Spells                             Type                      Level
   a - Confusing Touch                Hexes                        1
   b - Animate Skeleton               Necromancy                   1
   c - Summon Small Mammal            Summoning                    1
   d - Apportation                    Translocation                1
Comestibles
 f - 13 rations
 A - 5 chunks of flesh


   Skills:
 - Level 2.1 Fighting
 + Level 10.9 Maces & Flails
 - Level 1.7 Throwing
 - Level 2.4 Dodging


You had 7 spell levels left.
You didn't know any spells.

Dungeon Overview and Level Annotations

Branches:
Dungeon (6/15)
 Temple: D:4-7

Altars:
Gozag
Okawaru
Sif Muna
Yredelemnul
Zin

Annotations:
D:6 Menkaure


Innate Abilities, Weirdness & Mutations

You are resistant to torment.
Your stone body is resilient. (AC +5)
You are immune to poison.
You resist negative energy. (rN+)
You are resistant to electric shocks. (rElec)
You can survive without breathing.
You are immune to petrification.
You are immune to rotting.


Message History

You barely miss the gnoll.
The gnoll is severely wounded.
The gnoll closely misses you.
You hit the gnoll.
The gnoll looks as sick as possible!
The gnoll is almost dead.
You hit the gnoll.
You kill the gnoll!
Okawaru accepts your kill.
The crimson imp blinks!
You hit Menkaure.
Menkaure is lightly damaged.
The orc wizard mumbles some strange words.
The orc wizard blinks!
Menkaure hits you!
* * * LOW HITPOINT WARNING * * *
You whack Menkaure!
Menkaure is moderately damaged.
The crimson imp closely misses you.
The crimson imp hits you but does no damage.
Menkaure hits you!
You die...

#...# #.#.#... #...#
#.#.#.######## #...#
###.#..<.......#
###...#
#....#########.# .....#
#............#.# #...#
#....#######.#.#
.###...###### #....#
#.#.#
....?.....o.#####..####
#.#.####
.§.........J.gg5@.>...#
#÷#>....
##<........g###M#####.#
#.###### ........#####
#...# #.####.......
#######.# #...#
#...########. #..
#...###...# #. #..#
#...#.....# #. #..#
#...#.....# #. #...
#.###.....# #. #.#
#.....# #.


You could see Menkaure, a gnoll shaman, an orc wizard, 2 gnolls, a crimson imp
and an ooze.

Vanquished Creatures
  The ghost of Mgcat the Chopper, a novice HuBe of Trog (D:4)
  The ghost of tidbits the Sneak, an amateur VSWz (D:3)
  An ice beast (D:5)
  A sky beast (D:5)
  2 ogres
  2 scorpions (D:4)
  2 crimson imps
  A quasit (D:5)
  A hound (D:6)
  2 bullfrog skeletons
  2 centaur skeletons (D:5)
  3 iguanas
  3 worker ants
  3 gnolls
  7 adders
  A shadow imp (D:5)
  2 adder skeletons
  5 worms
  2 dart slugs
  4 leopard geckos
  4 orcs
  6 giant cockroaches
  10 goblins
  9 hobgoblins
  16 jackals
  6 kobolds
  3 quokkas
  A ball python (D:3)
  7 bats
  4 frilled lizards
  A giant cockroach zombie (D:5)
  A quokka skeleton (D:4)
  5 rats
119 creatures vanquished.

Notes
Turn   | Place    | Note
-------+----------+-------------------------------------------
     0 | D:1      | myopia the Gargoyle Gladiator began the quest for the Orb.
     0 | D:1      | Reached XP level 1. HP: 12/12 MP: 1/1
    40 | D:1      | Reached XP level 2. HP: 13/17 MP: 2/2
   418 | D:1      | Reached skill level 4 in Maces & Flails
   444 | D:1      | Reached XP level 3. HP: 8/21 MP: 3/3
  1074 | D:2      | Reached XP level 4. HP: 18/26 MP: 4/4
  1338 | D:2      | Reached skill level 5 in Maces & Flails
  1765 | D:3      | Noticed tidbits's ghost (amateur VSWz)
  1789 | D:3      | HP: 1/26 [tidbits's ghost (3)]
  1795 | D:3      | Killed tidbits's ghost
  1795 | D:3      | Reached skill level 6 in Maces & Flails
  1795 | D:3      | Reached XP level 5. HP: 30/30 MP: 5/5
  1985 | D:3      | Noticed an ogre
  2002 | D:3      | Killed an ogre
  2002 | D:3      | Reached XP level 6. HP: 32/35 MP: 6/6
  2014 | D:3      | Reached skill level 7 in Maces & Flails
  2194 | D:3      | Found a basalt altar of Yredelemnul.
  2284 | D:3      | Found an opulent altar of Gozag.
  2289 | D:3      | Found a deep blue altar of Sif Muna.
  2378 | D:3      | Found an iron altar of Okawaru.
  2417 | D:3      | Became a worshipper of Warmaster Okawaru
  2564 | D:4      | Reached XP level 7. HP: 34/40 MP: 7/7
  2707 | D:4      | Noticed Mgcat's ghost (novice HuBe)
  2718 | D:4      | Killed Mgcat's ghost
  2718 | D:4      | Reached * piety under Okawaru
  2718 | D:4      | Reached skill level 8 in Maces & Flails
  2772 | D:4      | Reached skill level 9 in Maces & Flails
  2959 | D:4      | Reached XP level 8. HP: 44/44 MP: 8/8
  3271 | D:5      | Entered Level 5 of the Dungeon
  3363 | D:5      | Reached skill level 10 in Maces & Flails
  4003 | D:5      | Found a glowing silver altar of Zin.
  4296 | D:6      | Noticed Menkaure
  4323 | D:6      | Reached ** piety under Okawaru
  4327 | D:6      | Slain by Menkaure

Skill      XL: |  1  2  3  4  5  6  7  8 |
---------------+-------------------------+-----
Maces & Flails | 4 6 7 9 10 | 10.9
Fighting       | |  2.1
Throwing       | |  1.7
Dodging        | |  2.4

Action                   |  1- 3 |  4- 6 |  7- 9 || total
-------------------------+-------+-------+-------++-------
Melee: Flail             |   111 |   161 |   144 ||   416
       Whip              |       |       |    67 ||    67
Throw: Throwing net      |       |     6 |     3 ||     9
  Use: Scroll            |     2 |     5 |     3 ||    10
       Potion            |       |     8 |     1 ||     9
  Eat: Chunk             |     1 |     5 |     5 ||    11
Armor: Leather armour    |    55 |    66 |    72 ||   193
Dodge: Dodged            |    88 |   122 |   124 ||   334
